 Dungeon Crawl Stone Soup version 0.28-b1-1-g3c77fb2ed1 (webtiles) character file.

Game seed: 17124677770873051557

5123 Minsecho the Covert (level 10, -7/72 HPs)
             Began as a Barachi Enchanter on Jan 28, 2022.
             Was a Priest of Cheibriados.
             Killed by divine providence
             ... invoked by an orc priest
              (13 damage)
             ... on level 9 of the Dungeon on Jan 29, 2022.
             The game lasted 00:40:37 (15497 turns).

Minsecho the Covert (Barachi Enchanter)            Turns: 15497, Time: 00:40:38

Health: -7/72      AC:  7    Str: 17    XL:     10   Next: 58%
Magic:  7/19       EV: 14    Int: 22    God:    Cheibriados [***...]
Gold:   220        SH:  0    Dex: 21    Spells: 13/22 levels left

rFire   + . .      SeeInvis .   a - +1 dagger
rCold   + . .      Faith    .   (no shield)
rNeg    + . .      Spirit   .   j - +1 ring mail of Bellicose Freedom {rPois rN+}
rPois   +          Reflect  .   (no helmet)
rElec   .          Harm     .   l - scarf {rC+ rF+}
rCorr   .          Rampage  .   (no gloves)
Will    .....                   (no boots)
Stlth   +.........              (no amulet)
HPRegen 0.22/turn               (no ring)
MPRegen 0.16/turn               (no ring)

@: confused, mighty, confusing by touch, very slow
A: amphibious, slowness 1, strong legs 1, +LOS
a: Hop, Renounce Religion, Bend Time, Temporal Distortion


You were on level 9 of the Dungeon.
You worshipped Cheibriados.
Cheibriados was most pleased with you.
You visited 2 branches of the dungeon, and saw 10 of its levels.

You collected 450 gold pieces.
You spent 230 gold pieces at shops.

Inventory:

Hand Weapons
 a - a +1 dagger (weapon)
 r - a +2 shortbow of freezing
Missiles
 s - 68 arrows
Armour
 b - a +0 robe
 e - a +2 robe of willpower
 j - the +1 ring mail of Bellicose Freedom (worn) {rPois rN+}
   (You found it on level 5 of the Dungeon)

   rPois:     It protects you from poison.
   rN:        It protects you from negative energy.
 l - a scarf of resistance (worn)
 t - the +3 pair of boots of Sunlight {*Slow rPois rF+ Str+5}
   (You found it on level 7 of the Dungeon)

   Str:       It affects your strength (+5).
   rF:        It protects you from fire.
   rPois:     It protects you from poison.
   *Slow:     It may slow you when you take damage.
 u - a +2 cloak
Scrolls
 c - 2 scrolls of magic mapping {unknown}
 d - a scroll of amnesia {unknown}
 f - 3 scrolls of noise
 m - a scroll of vulnerability {unknown}
 n - 2 scrolls of immolation {unknown}
 p - a scroll of enchant weapon {unknown}
 q - 2 scrolls of identify
 v - a scroll of fog {unknown}
 w - a scroll of acquirement {unknown}
 x - a scroll of teleportation
Potions
 h - 2 potions of lignification
 i - 4 potions of attraction
 k - 2 potions of might
 o - 2 potions of resistance


   Skills:
 + Level 4.3 Fighting
 + Level 5.2 Short Blades
 + Level 0.1 Bows
 + Level 5.3 Armour
 + Level 5.0 Dodging
 * Level 8.4 Stealth
 + Level 6.5 Spellcasting
 + Level 7.2 Hexes
 + Level 0.9 Summonings
 + Level 0.4 Transmutations
 + Level 5.0 Ice Magic
 + Level 0.8 Evocations


You had 13 spell levels left.
You knew the following spells:

 Your Spells              Type           Power      Damage    Failure   Level
a - Ensorcelled Hibernat  Hex/Ice        68%        N/A       1%          2
b - Confusing Touch       Hex            39%        N/A       2%          3
c - Wereblood             Tmut           9%         N/A       19%         2
d - Call Imp              Summ           11%        N/A       16%         2

Your spell library contained the following spells:

 Spells                   Type           Power      Damage    Failure   Level
 Tukima's Dance           Hex            39%        N/A       2%          3
 Dazzling Flash           Conj/Hex       46%        N/A       10%         3
 Beastly Appendage        Tmut           18%        N/A       13%         1
 Magic Dart               Conj           28%        1d4       16%         1
 Spider Form              Tmut/Pois      8%         N/A       38%         3
 Mephitic Cloud           Conj/Pois/Air  7%         N/A       41%         3
 Ice Form                 Ice/Tmut       19%        N/A       43%         4


Dungeon Overview and Level Annotations

Branches:
Dungeon (9/15)             Temple (1/1) D:6
   Lair: D:8-11         Orc: D:9-12

Altars:
Ashenzari
Cheibriados
Dithmenos
Elyvilon
Fedhas
Gozag
Makhleb
Nemelex Xobeh
Qazlal
Ru
Sif Muna
Uskayaw
Vehumet
Xom
Yredelemnul
The Shining One

Shops:
D:2 !   D:6 (**[[

Annotations:
D:6 1 runed translucent door, cayde69's ghost, amateur TrBe


Innate Abilities, Weirdness & Mutations

You are amphibious.
You cover ground slowly.
You can hop short distances.
You have an extended range of vision and can be seen from far away.


Message History

Confirm with . or Enter, or press ? or * to list all spells.
Aiming: Ensorcelled Hibernation (safe; 1% risk of failure)
Press: ? - help, Shift-Dir - straight line, f - orc warrior, p - orc warrior
Aim: an orc warrior, wielding a +0 mace and wearing a +0 chain mail (chance to affect: 62%)
The orc warrior looks drowsy...
The orc hits you with a +0 whip.
The helpless orc warrior fails to defend itself.
You skewer the orc warrior like a kebab!!!
You kill the orc warrior!
Cheibriados appreciates the change of pace.
The orc warrior barely misses you. The orc hits you but does no damage.
An orc comes into view. It is wielding a +0 mace.
Okay, then.
You feel very mighty all of a sudden. Something hits you but does no damage.
Casting: Ensorcelled Hibernation (safe; 1% risk of failure)
Confirm with . or Enter, or press ? or * to list all spells.
Your hands begin to glow red.
The orc shouts!
The orc completely misses you. Something hits you.
Your magical contamination has completely faded away.
You hit the orc warrior but do no damage.
The orc hits you but does no damage.
The orc warrior hits you with a +0 battleaxe.
You hit the orc warrior but do no damage.
You are ready to hop once more.
You hear some strange, mumbled words.
You are confused.
The orc priest calls down the wrath of Beogh upon you.
Beogh smites you!
Okay, then.
You are too confused!
Unknown command.
You're too confused to move!
The orc closely misses you.
The orc warrior hits you with a +0 battleaxe!
Something barely misses you.
The orc warrior hits you with a +0 battleaxe!!
* * * LOW HITPOINT WARNING * * *
The orc priest calls down the wrath of Beogh upon you.
Beogh smites you!
You die...

##########..###.....#)###.#######
..........................#
÷≈≈≈≈≈≈≈≈≈≈≈≈≈≈≈≈≈≈≈≈≈≈8..#
≈≈≈≈≈≈≈≈≈≈≈≈≈≈≈≈≈≈≈≈≈≈8≈..#
####################).≈≈..#
...............#)≈≈..#
...............##≈≈..#
.....8....{..........#
.......o.)o@...##)≈.##
.......(o.o)...#.≈≈.#
####################'.≈≈.#
≈≈≈≈≈≈≈≈≈≈≈≈≈≈≈≈≈≈≈≈≈≈8≈.#
≈≈≈≈≈≈≈≈≈≈≈≈≈≈≈≈≈≈≈≈≈≈≈8.#
.........................#
.'....................####
.###########..........# ##
####.......#


You could see an orc warrior, an orc priest and 2 orcs.

Vanquished Creatures
  A two-headed ogre (D:9)
  Pikel (D:7)
  A wraith (D:9)
  A wyvern (D:9)
  An acid dragon (D:9)
  2 water moccasins
  3 ice beasts
  A sky beast (D:7)
  6 orc warriors
  2 black bears
  4 ogres
  3 centaurs
  3 lemures
  3 bullfrogs
  2 scorpions
  A gnoll sergeant (D:8)
  6 killer bees (D:7)
  4 electric eels (D:9)
  4 centaur zombies
  A howler monkey (D:9)
  A bullfrog zombie (D:5)
  4 hounds
  4 orc priests
  2 centaur skeletons
  Crazy Yiuf (D:7)
  An iguana (D:5)
  8 orc wizards
  A killer bee zombie (D:4)
  2 hound zombies (D:5)
  A hound skeleton (D:5)
  A howler monkey zombie (D:8)
  4 adders
  3 gnolls (D:8)
  A white imp (D:8)
  An adder skeleton (D:3)
  3 dart slugs
  18 orcs
  6 ball pythons
  5 endoplasms
  A giant cockroach (D:3)
  6 goblins
  5 hobgoblins
  10 jackals
  A quokka (D:3)
  2 bats
  5 frilled lizards (D:1)
  8 kobolds
  5 rats
160 creatures vanquished.

Vanquished Creatures (collateral kills)
  A gnoll (D:8)
  An orc (D:8)
2 creatures vanquished.

Vanquished Creatures (others)
  2 withered plants (D:6)
2 creatures vanquished.

Grand Total: 164 creatures vanquished

Notes
Turn   | Place    | Note
-------+----------+-------------------------------------------
     0 | D:1      | Minsecho the Barachi Enchanter began the quest for the Orb.
     0 | D:1      | Reached XP level 1. HP: 13/13 MP: 3/3
   234 | D:1      | Reached XP level 2. HP: 19/19 MP: 5/5
   577 | D:1      | Reached skill level 3 in Stealth
   637 | D:1      | Learned a level 2 spell: Ensorcelled Hibernation
  1026 | D:1      | Reached XP level 3. HP: 18/25 MP: 6/6
  1289 | D:1      | Reached skill level 1 in Fighting
  1544 | D:1      | Found a faded altar of an unknown god.
  1632 | D:1      | You fall into a shaft and drop 1 floor!
  1967 | D:2      | Found Tirun's Distillery.
  1976 | D:2      | Bought a potion of degeneration for 14 gold pieces
  1977 | D:2      | Bought a potion of curing for 42 gold pieces
  2018 | D:2      | Reached XP level 4. HP: 29/32 MP: 3/7
  2169 | D:2      | Learned a level 3 spell: Confusing Touch
  3424 | D:3      | Reached XP level 5. HP: 37/38 MP: 8/8
  3644 | D:3      | Found a sparkling altar of Nemelex Xobeh.
  5165 | D:5      | Entered Level 5 of the Dungeon
  5655 | D:5      | Reached skill level 1 in Ice Magic
  5655 | D:5      | Reached XP level 6. HP: 20/46 MP: 0/10
  5868 | D:5      | Learned a level 2 spell: Wereblood
  5871 | D:5      | Learned a level 2 spell: Call Imp
  6098 | D:6      | Found Azibb's Antique Weapon Boutique.
  6122 | D:6      | Noticed an ice beast
  7120 | D:5      | Noticed an ice beast
  7443 | D:5      | Killed an ice beast
  7444 | D:5      | Reached XP level 7. HP: 41/51 MP: 8/11
  7577 | D:5      | Reached skill level 4 in Stealth
  7875 | D:5      | HP: 2/52 [ogre (33)]
  8496 | D:5      | Identified the +1 ring mail of Bellicose Freedom {rPois
                  | rN+}
  8537 | D:6      | Reached XP level 8. HP: 58/58 MP: 10/13
  8608 | D:6      | Found a staircase to the Ecumenical Temple.
  8635 | Temple   | Entered the Ecumenical Temple
  8695 | Temple   | Became a worshipper of Cheibriados the Contemplative
  8813 | D:6      | Reached skill level 5 in Hexes
  8822 | D:6      | Reached skill level 5 in Stealth
  9044 | D:6      | Found Wal Xeng's Armour Shoppe.
  9048 | D:6      | Found Kiusilut's Antique Armour Boutique.
  9168 | D:6      | Found a runed translucent door.
  9169 | D:6      | Noticed cayde69's ghost (amateur TrBe)
  9201 | D:6      | Found Safuun's General Store.
  9381 | D:6      | Found Deerimoth's General Store.
  9384 | D:6      | Bought a scroll of blinking for 90 gold pieces
  9384 | D:6      | Bought a scroll of identify for 24 gold pieces
  9384 | D:6      | Bought a scroll of teleportation for 36 gold pieces
  9384 | D:6      | Bought a scroll of identify for 24 gold pieces
  9523 | D:7      | Reached skill level 1 in Armour
 10123 | D:7      | Reached * piety under Cheibriados
 10123 | D:7      | Noticed Pikel
 10512 | D:8      | Reached XP level 9. HP: 65/65 MP: 11/16
 10577 | D:8      | Reached skill level 5 in Spellcasting
 11623 | D:7      | Reached ** piety under Cheibriados
 11624 | D:7      | Reached skill level 6 in Stealth
 12062 | D:7      | Found a hide-covered altar of Uskayaw.
 12286 | D:7      | Killed Pikel
 12366 | D:7      | Reached skill level 7 in Stealth
 12433 | D:7      | Identified the +3 pair of boots of Sunlight {*Slow rPois
                  | rF+ Str+5}
 12603 | D:7      | Found a runed translucent door.
 12604 | D:7      | Noticed Crazy Yiuf
 12651 | D:7      | Killed Crazy Yiuf
 12844 | D:8      | Reached XP level 10. HP: 69/70 MP: 14/18
 13061 | D:8      | Got Symites's Almanac of the Frostbite
 13390 | D:9      | Reached skill level 5 in Armour
 13648 | D:9      | Found a blossoming altar of Fedhas.
 13669 | D:9      | Noticed a two-headed ogre
 13685 | D:9      | Killed a two-headed ogre
 13686 | D:9      | Reached skill level 5 in Short Blades
 13970 | D:9      | Reached skill level 5 in Dodging
 14191 | D:9      | Reached skill level 8 in Stealth
 14839 | D:9      | Reached skill level 5 in Ice Magic
 15469 | D:9      | Reached *** piety under Cheibriados
 15497 | D:9      | Killed from afar by an orc priest

Illustrated notes

Levels and vault maps discovered:
D:1:      minmay_arrival_solitary_statue, layout_rooms,
          hellmonk_ecumenical_altar_leap_of_faith
D:2:      layout_loops_ring, serial_shops, shop
D:3:      layout_loops_corners, mainiacjoe_overflow_alcove_2,
          okawaru_altar_gauntlet_db
D:4:      nicolae_cairo_tiling, layout_basic
D:5:      layout_basic, minmay_misc_feat_hallway
D:6:      layout_basic, minmay_temple_entry_poolview, serial_shops,
          nicolae_shop_statue_plus, nicolae_shop_stone,
          nicolae_shop_hallway_stairs, shop_statue, shop_fountains,
          gammafunk_ghost_grave
D:7:      layout_basic, nicolae_uskayaw_dance_hall, enter_bailey_1,
          uniq_crazy_yiuf_cottage, uniq_pikel
D:8:      layout_cave_pools
D:9:      layout_basic, old_standard_altar, lair_entry_dummy, erik_orc_2
Temple:   regret_index_temple_sphere_string

Skill      XL: |  1  2  3  4  5  6  7  8  9 10 |
---------------+-------------------------------+-----
Stealth        | 3 4 5 7 8 |  8.4
Fighting       | 1 2 3 4 |  4.3
Short Blades   | 2 3 4 5 |  5.2
Hexes          | 4 5 6 7 |  7.2
Dodging        | 3 4 5 |  5.0
Ice Magic      | 1 2 3 4 5 |  5.0
Spellcasting   | 3 4 5 6 |  6.5
Armour         | 3 4 5 |  5.3
Bows           | |  0.1
Summonings     | |  0.9
Transmutations | |  0.4
Evocations     | |  0.8

Action                   |  1- 3 |  4- 6 |  7- 9 | 10-12 || total
-------------------------+-------+-------+-------+-------++-------
Melee: Dagger            |   148 |   264 |   299 |   132 ||   843
       Punch             |     1 |     1 |     4 |     3 ||     9
 Fire: Shortbow          |       |       |       |     3 ||     3
 Cast: Ensorcelled Hiber |     7 |    18 |    60 |    44 ||   129
       Confusing Touch   |       |     2 |    12 |     9 ||    23
       Call Imp          |       |     2 |     3 |       ||     5
       Wereblood         |       |       |     2 |       ||     2
 Abil: Hop               |     1 |     5 |     3 |     5 ||    14
Evoke: Wand              |       |       |     5 |       ||     5
  Use: Potion            |       |     3 |     2 |     1 ||     6
       Scroll            |       |       |     8 |     1 ||     9
 Stab: Sleeping          |     6 |     7 |    32 |    19 ||    64
       Confused          |       |     3 |    10 |     6 ||    19
       Distracted        |       |       |       |     1 ||     1
Armor: Robe              |    20 |    47 |     4 |       ||    71
       Ring mail         |       |       |    97 |    36 ||   133
Dodge: Dodged            |    92 |   164 |   194 |    61 ||   511
